 Dungeon Crawl Stone Soup version 0.27.1-1-g398f81649c (webtiles) character file.

Game seed: 18110210301472759293

53 chaosape the Shield-Bearer (level 3, 0/28 HPs)
             Began as a Gnoll Wanderer on Sept 9, 2021.
             Slain by a worm (6 damage)
             ... on level 2 of the Dungeon.
             The game lasted 00:06:13 (2277 turns).

chaosape the Shield-Bearer (Gnoll Wanderer)         Turns: 2277, Time: 00:06:14

Health: 0/28       AC:  8    Str: 12    XL:     3   Next: 87%
Magic:  2/2        EV:  7    Int: 12    God:
Gold:   86         SH:  8    Dex: 10    Spells: 7/7 levels left

rFire    . . .     SeeInvis .   m - +2 dagger (antimagic)
rCold    . . .     Faith    .   d - +0 kite shield
rNeg     . . .     Spirit   .   j - +0 scale mail
rPois    .         Reflect  .   (no helmet)
rElec    .         Harm     .   k - +0 cloak
rCorr    .         Rampage  .   (no gloves)
Will     .....                  (no boots)
Stlth    ..........             (no amulet)
HPRegen  0.09/turn              (no ring)
MPRegen  0.08/turn              (no ring)

@: no status effects
A: fangs 1, strong nose, distributed training
a: no special abilities


You were on level 2 of the Dungeon.
You visited 1 branch of the dungeon, and saw 2 of its levels.

You collected 86 gold pieces.

Inventory:

Hand Weapons
 a - a +0 club
 g - a +0 dagger
 m - a +2 antimagic dagger (weapon)
Missiles
 e - 45 arrows
 f - a throwing net (quivered)
Armour
 b - a +0 ring mail
 d - a +0 kite shield (worn)
 j - a +0 scale mail (worn)
 k - a +0 cloak (worn)
 o - a +0 ring mail
Scrolls
 c - a scroll of teleportation
 p - a scroll of immolation {unknown}
Potions
 h - 2 potions of lignification {unknown}
 i - a potion of heal wounds
 l - a potion of flight {unknown}
 n - a potion of might {unknown}


   Skills:
 + Level 2.6 Fighting
 + Level 1.0 Short Blades
 + Level 1.0 Long Blades
 + Level 1.0 Axes
 + Level 4.6 Maces & Flails
 + Level 1.0 Polearms
 + Level 1.0 Staves
 + Level 1.0 Slings
 + Level 1.0 Bows
 + Level 1.0 Crossbows
 + Level 1.0 Throwing
 + Level 4.6 Armour
 + Level 1.0 Dodging
 + Level 1.0 Stealth
 + Level 4.6 Shields
 + Level 1.0 Unarmed Combat
 + Level 2.9 Spellcasting
 + Level 0.7 Conjurations
 + Level 2.1 Hexes
 + Level 0.7 Summonings
 + Level 0.7 Necromancy
 + Level 0.7 Translocations
 + Level 2.1 Transmutations
 + Level 0.7 Fire Magic
 + Level 0.7 Ice Magic
 + Level 0.7 Air Magic
 + Level 0.7 Earth Magic
 + Level 0.7 Poison Magic
 + Level 1.0 Invocations
 + Level 1.0 Evocations


You had 7 spell levels left.
You didn't know any spells.
Your spell library contained the following spells:

 Spells                   Type           Power      Damage    Failure   Level
 Corona                   Hex            6%         N/A       88%         1
 Ensorcelled Hibernation  Hex/Ice        10%        N/A       98%         2
 Tukima's Dance           Hex            6%         N/A       99%         3


Dungeon Overview and Level Annotations

Branches:
Dungeon (2/15)

Altars:


Innate Abilities, Weirdness & Mutations

You have very sharp teeth.
Your uncanny sense of smell can sniff out nearby items.
Your experience applies equally to all skills.


Message History

The worm is lightly wounded.
The bat hits you but does no damage. The worm bites you.
You hit the worm.
The worm is lightly wounded.
You block the bat's attack. The bat hits you. The worm bites you.
You hit the worm.
The worm is moderately wounded.
You block the bat's attack. The bat hits you but does no damage.
The bat barely misses you.
You hit the worm.
The worm is heavily wounded.
The bat hits you but does no damage. x2; You block the worm's attack.
You hit the worm but do no damage.
The worm is heavily wounded.
The bat hits you but does no damage. You block the bat's attack.
You block the worm's attack. The bat hits you but does no damage.
You hit the worm but do no damage.
The worm is heavily wounded.
The bat hits you but does no damage.
You hit the worm.
The worm is severely wounded.
The bat barely misses you. The worm barely misses you.
The bat closely misses you.
Your shield and scale mail prevent you from hitting the worm.
Your bite misses the worm.
The worm is severely wounded.
The bat barely misses you. The bat closely misses you. The worm bites you!
* * * LOW HITPOINT WARNING * * *
You completely miss the worm. You bite the worm.
The worm is severely wounded.
The bat hits you but does no damage.
Your shield and scale mail prevent you from hitting the worm.
The worm is severely wounded.
The bat barely misses you. The bat hits you but does no damage.
The worm closely misses you.
You hit the worm.
The worm is almost dead.
You block the bat's attack. The bat hits you but does no damage.
The worm bites you.
You die...

#. #.####..#
#.. ..# #..#
#. ### ###
#... . #..
..## ## ####.#
### ....# #..#
#..#####
#..w@b.##
#..###..# ##.#
##'## #####
#...# #$.∆
#...# ####.ZJ
##...#
#..#∆Sg##....#
#.## ###...##
#.# ###....#


You could see a worm and a bat.

Vanquished Creatures
  2 worms (D:2)
  3 dart slugs
  3 endoplasms
  A giant cockroach (D:1)
  4 goblins
  6 hobgoblins
  3 kobolds
  2 quokkas
  4 ball pythons
  5 bats
  3 frilled lizards (D:1)
  A rat (D:1)
37 creatures vanquished.

Notes
Turn   | Place    | Note
-------+----------+-------------------------------------------
     0 | D:1      | chaosape the Gnoll Wanderer began the quest for the Orb.
     0 | D:1      | chaosape set off with the following items: a +0 club, a +0
                  | ring mail, a scroll of teleportation, a +0 kite shield
     0 | D:1      | Reached XP level 1. HP: 17/17 MP: 4/4
   194 | D:1      | Reached XP level 2. HP: 5/23 MP: 5/5
   326 | D:1      | Found a faded altar of an unknown god.
   873 | D:1      | Reached XP level 3. HP: 20/28 MP: 7/7
  1920 | D:2      | Reached skill level 1 in Invocations
  2170 | D:2      | Reached skill level 1 in Short Blades
  2170 | D:2      | Reached skill level 1 in Long Blades
  2170 | D:2      | Reached skill level 1 in Axes
  2170 | D:2      | Reached skill level 1 in Polearms
  2170 | D:2      | Reached skill level 1 in Staves
  2170 | D:2      | Reached skill level 1 in Slings
  2170 | D:2      | Reached skill level 1 in Bows
  2170 | D:2      | Reached skill level 1 in Crossbows
  2170 | D:2      | Reached skill level 1 in Throwing
  2170 | D:2      | Reached skill level 1 in Dodging
  2170 | D:2      | Reached skill level 1 in Stealth
  2170 | D:2      | Reached skill level 1 in Unarmed Combat
  2170 | D:2      | Reached skill level 1 in Evocations
  2277 | D:2      | Slain by a worm

Illustrated notes

Levels and vault maps discovered:
D:1:      onia_arrival_mini_spirals, layout_basic, basic_ecumenical_altar,
          glass_columns_c, minmay_tetromino_o4
D:2:      layout_loops_ring, lightli_corner_chamber, uniq_jessica

Skill      XL: |  1  2  3 |
---------------+----------+-----
Hexes          | 2 |  2.1
Transmutations | 2 |  2.1
Invocations    | 1 |  1.0
Short Blades   | 1 |  1.0
Long Blades    | 1 |  1.0
Axes           | 1 |  1.0
Polearms       | 1 |  1.0
Staves         | 1 |  1.0
Slings         | 1 |  1.0
Bows           | 1 |  1.0
Crossbows      | 1 |  1.0
Throwing       | 1 |  1.0
Dodging        | 1 |  1.0
Stealth        | 1 |  1.0
Unarmed Combat | 1 |  1.0
Evocations     | 1 |  1.0
Fighting       | |  2.6
Maces & Flails | |  4.6
Armour         | |  4.6
Shields        | |  4.6
Spellcasting   | |  2.9
Conjurations   | |  0.7
Summonings     | |  0.7
Necromancy     | |  0.7
Translocations | |  0.7
Fire Magic     | |  0.7
Ice Magic      | |  0.7
Air Magic      | |  0.7
Earth Magic    | |  0.7
Poison Magic   | |  0.7

Action                   || total
-------------------------++-------
Melee: Dagger            ||   223
       Club              ||    10
       Bite              ||    20
  Use: Potion            ||     1
Armor: Ring mail         ||    56
       Scale mail        ||    52
Dodge: Dodged            ||    79
Block: Kite shield       ||   131
